 Dungeon Crawl Stone Soup version 0.23-a0-619-g281719c (webtiles) character file.

161 zishaf the Caller (level 5, -2/22 HPs)
             Began as a Felid Summoner on Dec 22, 2018.
             Slain by a bullfrog (7 damage)
             ... on level 4 of the Dungeon.
             The game lasted 00:14:06 (4754 turns).

zishaf the Caller (Felid Summoner)                  Turns: 4754, Time: 00:14:06

Health: -2/22      AC:  2    Str:  4    XL:     5   Next: 18%
Magic:  1/9        EV: 20    Int: 18    God:
Gold:   158        SH:  0    Dex: 21    Spells: 0/9 levels left
                                        Lives:  0   Deaths: 1

rFire    . . .     SeeInvis +   (weapon unavailable)
rCold    . . .     Gourm    .   (shield unavailable)
rNeg     . . .     Faith    .   (armour unavailable)
rPois    .         Spirit   .   (helmet unavailable)
rElec    .         Reflect  .   (cloak unavailable)
rCorr    .         Harm     .   (gloves unavailable)
MR       +....                  (boots unavailable)
Stlth    ++++......             (no amulet)
HPRegen  0.07/turn              j - +4 ring of dexterity
MPRegen  0.11/turn              t - ring of protection from magic

@: very slightly contaminated, quick
A: very small, no armour, no weapons or thrown items, stealth, claws 1, fangs 3,
see invisible, carnivore, speed 1, shaggy fur 2, slow metabolism 1, sharp paws
a: no special abilities


You were on level 4 of the Dungeon.
You were very full.

You visited 1 branch of the dungeon, and saw 4 of its levels.

You collected 158 gold pieces.

Inventory:

Jewellery
 a - an uncursed ring of positive energy
 c - a +4 ring of dexterity
 e - an uncursed ring of protection from cold
 j - a +4 ring of dexterity (left paw)
 t - a ring of protection from magic (right paw)
Wands
 s - a wand of paralysis (8)
Scrolls
 k - a scroll of remove curse
 m - a scroll of enchant armour {unknown}
 n - 3 scrolls of noise {unknown}
 o - 3 scrolls of amnesia {unknown}
 q - a scroll of teleportation {unknown}
 u - a scroll of fog {unknown}
 v - a scroll of enchant weapon {unknown}
Potions
 d - a potion of resistance {unknown}
 f - a potion of flight
 g - a potion of agility
 h - a potion of lignification
 i - 3 potions of invisibility
 l - a potion of heal wounds {unknown}
 p - a potion of curing
 r - a potion of cancellation {unknown}
Comestibles
 b - 5 rations


   Skills:
 + Level 2.2 Fighting
 + Level 4.4 Dodging
 + Level 4.7 Stealth
 + Level 2.6 Spellcasting
 + Level 2.9 Hexes
 + Level 4.8 Summonings
 + Level 0.2 Air Magic


You couldn't memorise any spells.
You knew the following spells:

 Your Spells              Type           Power        Failure   Level  Hunger
a - Summon Small Mammal   Summ           ###.         2%          1    #......
b - Call Imp              Summ           ###.....     3%          2    ##.....
c - Summon Guardian Gole  Hex/Summ       ###.....     11%         3    ###....
d - Summon Lightning Spi  Summ/Air       ##......     52%         4    #####..

Your spell library contained the following spells:

 Spells                   Type           Power        Failure   Level  Hunger
 Call Canine Familiar     Summ           ###.....     7%          3    ###....
 Summon Ice Beast         Ice/Summ       ##......     52%         4    #####..


Dungeon Overview and Level Annotations

Branches:
Dungeon (4/15)
 Temple: D:4-7

Altars:


Innate Abilities, Weirdness & Mutations

You cannot wear armour.
You are incapable of wielding weapons or throwing items.
Your paws allow you to move quietly. (Stealth)
You have sharp claws.
You have razor-sharp teeth.
You have supernaturally acute eyesight. (SInv)
You are carnivorous and can eat meat at any time.
You cover ground quickly.
You are covered in thick fur. (AC +2)
You have a slow metabolism.
Your sharp claws are effective at attacking unaware monsters.


Message History

The bullfrog misses you.
The bullfrog hits you but does no damage.
Your crimson imp hits the bullfrog.
You scratch the bullfrog but do no damage.
The bullfrog is severely wounded.
The bullfrog completely misses you.
Your crimson imp barely misses the bullfrog.
You scratch the bullfrog.
The bullfrog is severely wounded.
The bullfrog barely misses you. The bullfrog closely misses you.
Your crimson imp barely misses the bullfrog.
You barely miss the bullfrog.
The bullfrog is severely wounded.
The bullfrog hits you.
* * * LOW HITPOINT WARNING * * *
Your crimson imp blinks!
You closely miss the bullfrog. You bite the bullfrog.
The bullfrog is almost dead.
The bullfrog completely misses you. The bullfrog hits you!
You die...

##.## #..## ##......# #### #..#
#..# ##..#... ...## #.## #..#
#.###.. ..#.### #.## ##..#
#.####. #.##..####.####...# #..#
## #.#.##5.#.........## ###..## #
.###.##.#.#####(...######.....# #
#.#.####.## ##.....##.......###
..### #..# #§@##.....#####..#.
..# ##.# #.F###..### ###.# .##
#.#####..##..## #.# ..#
##...##...#...# #.# #.#
###.......5.#..## ##.#
#.####...##.........# ##...
#...#...###.........### ###...#
.......###......##....#####...÷.#
.#......##....####....>.....##..#


You could see a bullfrog and a friendly crimson imp.

Vanquished Creatures
  Grinder (D:3)
  An orc priest (D:4)
  An adder (D:3)
  2 dart slugs
  A leopard gecko (D:2)
  An orc (D:4)
  A ball python (D:4)
  3 giant cockroaches
  4 goblins
  2 hobgoblins (D:2)
  2 kobolds
  A quokka (D:3)
  2 bats
  2 frilled lizards
  5 rats
29 creatures vanquished.

Vanquished Creatures (collateral kills)
  Jessica (D:2)
  An iguana (D:4)
  5 adders
  A howler monkey skeleton (D:4)
  An ooze (D:2)
  2 adder skeletons
  3 worms
  A dart slug (D:1)
  2 leopard geckos (D:1)
  3 orcs (D:4)
  2 ball pythons
  A giant cockroach (D:3)
  7 goblins
  6 hobgoblins
  A bat (D:1)
  7 frilled lizards
  4 kobolds
  5 rats
53 creatures vanquished.

Grand Total: 82 creatures vanquished

Notes
Turn   | Place    | Note
-------+----------+-------------------------------------------
     0 | D:1      | zishaf the Felid Summoner began the quest for the Orb.
     0 | D:1      | Reached XP level 1. HP: 7/7 MP: 4/4
   226 | D:1      | Reached XP level 2. HP: 9/11 MP: 0/6
   660 | D:1      | Learned a level 2 spell: Call Imp
   901 | D:2      | Found a faded altar of an unknown god.
   928 | D:2      | Noticed Jessica
   941 | D:2      | Killed Jessica
   941 | D:2      | Reached skill level 1 in Fighting
   941 | D:2      | Reached XP level 3. HP: 15/15 MP: 1/7
  1056 | D:2      | Learned a level 3 spell: Summon Guardian Golem
  1725 | D:2      | Reached skill level 1 in Hexes
  2105 | D:3      | Reached XP level 4. HP: 19/19 MP: 8/8
  2593 | D:3      | Noticed Grinder
  3108 | D:3      | Paralysed by Grinder for 4 turns
  3120 | D:3      | Killed Grinder
  3120 | D:3      | Reached XP level 5. HP: 13/22 MP: 0/9
  3856 | D:4      | Gained mutation: You are covered in thick fur. (AC +2)
                  | [Felid growth]
  3856 | D:4      | Reached XP level 6. HP: 26/26 MP: 2/10
  3866 | D:4      | Paralysed by an orc for 5 turns
  3964 | D:3      | Learned a level 4 spell: Summon Lightning Spire
  4300 | D:4      | Slain by a bullfrog
  4301 | D:4      | Reached XP level 5. HP: 0/22 MP: 4/9
  4433 | D:4      | Noticed an ogre
  4754 | D:4      | Slain by a bullfrog

Vault maps used:
D:1:      saegor_arrival_under_anarchy, st_stairs_11
D:2:      chequers_ecumenical_altar_simple_redux, first_ration, uniq_jessica
D:3:      uniq_grinder
D:4:      hangedman_decor_opposing, minmay_misc_feat_more_columns

Skill      XL: |  1  2  3  4 |
---------------+-------------+-----
Stealth        | 3 4 |  4.7
Dodging        | 3 4 |  4.4
Fighting       | 1 2 |  2.2
Hexes          | 1 2 |  2.9
Spellcasting   | |  2.6
Summonings     | |  4.8
Air Magic      | |  0.2

Action                   |  1- 3 |  4- 6 || total
-------------------------+-------+-------++-------
Melee: Unarmed           |    63 |    57 ||   120
       Bite              |     5 |    10 ||    15
 Cast: Summon Small Mamm |    32 |     2 ||    34
       Call Imp          |    20 |    66 ||    86
       Summon Guardian G |       |     3 ||     3
Evoke: Wand              |       |     1 ||     1
  Use: Scroll            |       |     6 ||     6
 Stab: Sleeping          |     6 |     3 ||     9
       Distracted        |       |     2 ||     2
       Paralysed         |       |     2 ||     2
  Eat: Chunk             |    11 |    15 ||    26
Armor: Skin              |     7 |     3 ||    10
Dodge: Dodged            |    57 |    61 ||   118

Table legend:
 A = Non-vault XP
 B = Vault XP
 C = Vault XP percentage of total XP
 D = Non-vault monster count
 E = Vault monster count
 F = Vault count percentage of total count
                 A         B        C        D         E       F
            +---------+---------+-------+---------+---------+-------
      Total |     219 |     218 |  49.9 |      77 |       5 |   6.1
            +---------+---------+-------+---------+---------+-------
        D:1 |      28 |       5 |  15.2 |      22 |       3 |  12.0
        D:2 |      44 |      19 |  30.2 |      24 |       1 |   4.0
        D:3 |      57 |     194 |  77.3 |      20 |       1 |   4.8
        D:4 |      90 |       0 |   0.0 |      11 |       0 |   0.0
            +---------+---------+-------+---------+---------+-------
